 Dungeon Crawl Stone Soup version 0.31.0-12-g77e489cdc1 (webtiles) character file.

Game seed: 4531537240072766693

30 Gadfly the Sneak (level 3, 0/17 HPs)
             Began as a Spriggan Enchanter on Mar 3, 2024.
             Slain by Sigmund
             ... wielding a +0 scythe
              (10 damage)
             ... on level 2 of the Dungeon.
             The game lasted 00:02:22 (1225 turns).

Gadfly the Sneak (Spriggan Enchanter)               Turns: 1225, Time: 00:02:23

Health: 0/17       AC:  3    Str:  4    XL:     3   Next: 5%
Magic:  1/8        EV: 18    Int: 16    God:
Gold:   73         SH:  0    Dex: 17    Spells: 5/7 levels left

rFire   . . .        a - +1 dagger
rCold   . . .        (no shield)
rNeg    . . .        i - +1 robe
rPois   .            (helmet restricted)
rElec   .            (no cloak)
rCorr   .            (gloves unavailable)
SInv    +            (boots unavailable)
Will    .....        (no amulet)
Stlth   +++          (no ring)
HPRegen 0.22/turn    (no ring)
MPRegen 0.11/turn

%: no passive effects
@: very quick
A: very small, no large weapons, unfitting armour, see invisible, speed 3
a: no special abilities


You were on level 2 of the Dungeon.
You visited 1 branch of the dungeon, and saw 2 of its levels.

You collected 112 gold pieces.
You spent 39 gold pieces at shops.

Inventory:

Hand Weapons
 a - a +1 dagger (weapon)
Armour
 i - a +1 robe (worn)
Scrolls
 b - a scroll of immolation {unknown}
Potions
 c - 2 potions of invisibility
 d - a potion of berserk rage
 e - a potion of brilliance {unknown}
 f - a potion of ambrosia {unknown}
 g - 2 potions of curing


   Skills:
 + Level 0.7 Fighting
 + Level 1.6 Short Blades
 + Level 3.0 Dodging
 + Level 4.6 Stealth
 + Level 2.9 Spellcasting
 + Level 3.8 Hexes
 + Level 1.3 Evocations


You had 5 spell levels left.
You knew the following spells:

 Your Spells              Type           Power      Damage    Failure   Level
a - Ensorcelled Hibernat  Hex/Ice        16%        N/A       13%         2

Your spell library contained the following spells:

 Spells                   Type           Power      Damage    Failure   Level
 Confusing Touch          Hex            14%        N/A       12%         3
 Tukima's Dance           Hex            14%        N/A       12%         3
 Dazzling Flash           Conj/Hex       16%        N/A       26%         3


Dungeon Overview and Level Annotations

Branches:
Dungeon (2/15)

Altars:

Shops:
D:1 !

Annotations:
D:2 Sigmund


Innate Abilities, Weirdness & Mutations

You are very small and have problems with some larger weapons.
You are too small for most types of armour.
You have supernaturally acute eyesight. (SInv)
You cover ground extremely quickly. (Speed+++)


Message History

Sigmund gestures at you while chanting. You resist with some effort.
Sigmund is unaffected.
Sigmund misses you.
Casting: Ensorcelled Hibernation (safe; 13% risk of failure)
Confirm with . or Enter, or press ? or * to list all spells.
Aiming: Ensorcelled Hibernation (safe; 13% risk of failure)
Press: ? - help, Shift-Dir - straight line, f - you, p - Sigmund
Okay, then.
You miscast Ensorcelled Hibernation.
You are very lightly contaminated with residual magic.
Nothing appears to happen.
Sigmund barely misses you.
Sigmund is unaffected.
You closely miss Sigmund.
Sigmund is heavily wounded.
Sigmund hits you with a +0 scythe.
You hit Sigmund.
Sigmund is heavily wounded.
Sigmund closely misses you.
You hit Sigmund but do no damage.
Sigmund is heavily wounded.
You completely miss Sigmund.
Sigmund is heavily wounded.
Sigmund barely misses you.
You hit Sigmund but do no damage.
Sigmund is heavily wounded.
Sigmund barely misses you.
You hit Sigmund but do no damage.
Sigmund is heavily wounded.
Your magical contamination has completely faded away.
You hit Sigmund but do no damage.
Sigmund is heavily wounded.
Sigmund hits you with a +0 scythe!
You hit Sigmund but do no damage.
Sigmund is heavily wounded.
You closely miss Sigmund.
Sigmund is heavily wounded.
Sigmund hits you with a +0 scythe!
Ouch! That really hurt!
You die...
Sigmund begins carving another notch in his scythe.

##### ####.$.# ###
#....#.# #.. #....#.#
#..
#....#.###########..
#.###...............
#...?....##.......#.
##.@..##.##.......#.
#@....#..|.......##
#..#..#####.#######
###.).......#.# #...
#...#####.#.#.####...
#.........# #....#...
#..#####.#######.#...
#... .....#.#...
>.... ........'...


You could see Sigmund (invisible).

Vanquished Creatures
  2 endoplasms
  A giant cockroach (D:1)
  4 goblins
  3 hobgoblins (D:2)
  2 quokkas (D:1)
  A ball python (D:1)
  5 bats
  2 frilled lizards
  3 kobolds
  6 rats
29 creatures vanquished.

Notes
Turn   | Place    | Note
-------+----------+-------------------------------------------
     0 | D:1      | Gadfly the Spriggan Enchanter began the quest for the Orb.
     0 | D:1      | Reached XP level 1. HP: 9/9 MP: 5/5
   185 | D:1      | Reached XP level 2. HP: 13/13 MP: 6/6
   193 | D:1      | Learned a level 2 spell: Ensorcelled Hibernation
   338 | D:1      | Reached skill level 1 in Evocations
   493 | D:1      | Found Dihior's Distillery.
   496 | D:1      | Bought a potion of curing for 39 gold pieces
  1120 | D:2      | Noticed Sigmund
  1121 | D:2      | Reached XP level 3. HP: 17/17 MP: 5/8
  1225 | D:2      | Slain by Sigmund

Illustrated notes

Levels and vault maps discovered:
D:1:      psy_arrival_basics, layout_loops_ring, serial_shops,
          nicolae_shop_behind_doors
D:2:      layout_basic, minmay_pentomino_q2, uniq_sigmund

Skill      XL: |  1  2 |
---------------+-------+-----
Evocations     | 1 |  1.3
Dodging        | 3 |  3.0
Fighting       | |  0.7
Short Blades   | |  1.6
Stealth        | |  4.6
Spellcasting   | |  2.9
Hexes          | |  3.8

Action                     || total
---------------------------++-------
  Melee: Dagger            ||   124
         Punch             ||     1
   Cast: Ensorcelled Hiber ||    16
    Use: Scroll            ||     2
         Potion            ||     1
   Stab: Sleeping          ||     8
         Distracted        ||     1
 Armour: Robe              ||    30
  Dodge: Dodged            ||    97
